 Dungeon Crawl Stone Soup version 0.21.0-37-g46506fa (webtiles) character file.

34911 Mgcat the Geomancer (level 13, -8/79 HPs)
             Began as a Gargoyle Earth Elementalist on Jan 30, 2018.
             Was a High Priest of Vehumet.
             Killed from afar by an oklob plant (9 damage)
             ... with a splash of acid
             ... on level 5 of the Lair of Beasts.
             The game lasted 01:15:27 (23089 turns).

Mgcat the Geomancer (Gargoyle Earth Elementalist)  Turns: 23089, Time: 01:15:28

Health: -8/79      AC:  4    Str: 14    XL:     13   Next: 80%
Magic:  14/26      EV: 20    Int: 22    God:    Vehumet [*****.]
Gold:   811        SH:  0    Dex: 10    Spells: 10/30 levels left

rFire    + . .     SeeInvis .   w - staff of earth
rCold    . . .     Gourm    .   (no shield)
rNeg     + . .     Faith    .   g - +1 robe {rF+}
rPois    ∞         Spirit   .   y - +0 helmet
rElec    +         Reflect  .   r - +0 cloak
rCorr    .         Harm     .   x - +1 pair of gloves
MR       .....                  (no boots)
Stlth    ++........             (no amulet)
HPRegen  0.23/turn              q - +3 ring of intelligence
MPRegen  0.20/turn              D - +4 ring of evasion

@: corroded
A: negative energy resistance 1, electricity resistance, unbreathing,
petrification resistance, rot immunity, AC +9
a: Renounce Religion


You were on level 5 of the Lair of Beasts.
You worshipped Vehumet.
Vehumet was extremely pleased with you.
You were not hungry.

You visited 3 branches of the dungeon, and saw 17 of its levels.

You collected 811 gold pieces.

Inventory:

Hand Weapons
 n - a +1 dagger of electrocution
 v - the +5 whip "Abiott" {flame, +Inv}
   (You found it on level 5 of the Dungeon)

   It has been specially enchanted to burn those struck by it, causing extra
   injury to most foes and up to half again as much damage against particularly
   susceptible opponents.
   It lets you turn invisible.
 I - a +0 war axe
Missiles
 b - 128 stones (quivered)
Armour
 g - a +1 robe of fire resistance (worn)
 r - a +0 cloak (worn)
 x - a +1 pair of gloves (worn)
 y - a +0 helmet (worn)
Magical Staves
 w - an uncursed staff of earth (weapon)
Jewellery
 q - a +3 ring of intelligence (left hand)
 D - a +4 ring of evasion (right hand)
 F - an uncursed ring of magical power
Wands
 c - a wand of acid (9)
 k - a wand of flame (146)
 u - a wand of disintegration (5)
 B - a wand of polymorph (39)
 C - a wand of enslavement (25)
 L - a wand of iceblast (27)
Scrolls
 a - a scroll of fog
 i - a scroll of fear
 m - 5 scrolls of enchant weapon
 p - 10 scrolls of teleportation
 A - 3 scrolls of magic mapping
 E - a scroll of identify
 G - 3 scrolls of remove curse
 H - 2 scrolls of amnesia
Potions
 e - a potion of cancellation
 f - a potion of resistance
 h - 3 potions of agility
 j - 3 potions of flight
 l - a potion of magic
 o - 9 potions of curing
 s - 3 potions of haste
 t - a potion of lignification {unknown}
 z - a potion of brilliance {unknown}
 J - 2 potions of invisibility {unknown}
 M - a potion of heal wounds
 P - a potion of berserk rage {unknown}
Books
 N - a book of Conjurations

   Spells                             Type                      Level
   a - Magic Dart                     Conjuration                  1
   b - Searing Ray                    Conjuration                  2
   c - Dazzling Spray                 Conjuration/Hexes            3
   d - Fulminant Prism                Conjuration/Hexes            4
   e - Force Lance                    Conjuration/Translocation    4
   f - Iskenderun's Mystic Blast      Conjuration                  4
Comestibles
 d - 23 rations
 K - 2 chunks of flesh


   Skills:
 + Level 8.6 Fighting
 + Level 7.8 Staves
 * Level 8.5 Dodging
 - Level 3.0 Stealth
 + Level 9.1 Spellcasting
 + Level 9.9 Conjurations
   Level 0.7 Transmutations
 + Level 5.6 Fire Magic
 + Level 11.7 Earth Magic
 - Level 5.1 Evocations


You had 10 spell levels left.
You knew the following spells:

 Your Spells              Type           Power        Failure   Level  Hunger
a - Sandblast             Erth           ######       1%          1    None
b - Stone Arrow           Conj/Erth      ######       1%          3    None
c - Lee's Rapid Deconstr  Erth           #######...   1%          5    ####...
d - Conjure Flame         Conj/Fire      #####...     1%          3    None
e - Inner Flame           Hex/Fire       ###.....     1%          3    None
f - Bolt of Magma         Conj/Fire/Erth ######....   1%          5    ####...


Dungeon Overview and Level Annotations

Branches:
Dungeon (11/15)            Temple (1/1) D:4            Lair (5/6) D:9
  Swamp (0/4) Lair:4        Snake (0/4) Lair:4
  Slime: Lair:5-6       Orc: D:9-12

Altars:
Ashenzari
Cheibriados
Dithmenos
Elyvilon
Fedhas
Gozag
Kikubaaqudgha
Makhleb
Okawaru
Qazlal
Ru
Trog
Uskayaw
Vehumet
Wu Jian
Xom
Yredelemnul
Zin
The Shining One

Shops:
D:5 (   D:9 %

Annotations:
Lair:5 exclusion: 3 oklob plants


Innate Abilities, Weirdness & Mutations

You are resistant to torment.
Your stone body is resilient. (AC +9)
You are immune to poison.
You resist negative energy. (rN+)
You are resistant to electric shocks. (rElec)
You can survive without breathing.
You are immune to petrification.
You are immune to rotting.


Message History

The oklob plant spits acid at you.
The splash of acid misses the human.
The splash of acid hits you! The acid corrodes you!
You are splashed with acid!
The acid burns!
The oklob plant spits acid at you. The splash of acid hits you!
The acid corrodes you!
You are splashed with acid!
The acid burns!
* * * LOW HITPOINT WARNING * * *
The oklob plant spits acid at you. The splash of acid hits you!
* * * LOW HITPOINT WARNING * * *
The acid corrodes you!
You are splashed with acid!
The acid burns!
* * * LOW HITPOINT WARNING * * *
Unknown command.
Unknown command.
Unknown command.
Unknown command.
Unknown command.
The oklob plant spits acid at you. The splash of acid hits you!
You die...

≈≈♣♣≈..#..#...###.P#
≈≈♣≈##P#..#...P##.#
PP≈≈####P.PP...#.#######
≈≈≈♣#####..P..#..P...(P#
≈÷♣.##...........P.)p.P#
≈≈♣♣................)/$#
≈♣♣P.#.............?..!#
≈♣♣♣.................P.#
≈♣♣#.#........#.@#######
♣≈...............#..
♣♣≈........P##......
............#.......
#...............#...#
........P#.......####
.#.(.p...P.#..P.##
##..#.#.........#
......P......P#P#


You could see 3 oklob plants and a neutral human.

Vanquished Creatures
  Kirke (Lair:5)
  Snorg (Lair:5)
  Josephine (Lair:4)
  3 hydras
  The ghost of EvilAshe the Nimble, a journeyman DECj of Dithmenos (Lair:1)
  4 two-headed ogres
  Urug (Lair:4)
  Sonja (D:11)
  3 elephants (Lair:4)
  Joseph (D:7)
  3 black mambas
  A centaur skeleton (D:11)
  10 spiny frogs
  11 komodo dragons
  2 rime drakes
  The ghost of tidbits the Fighter, an amateur GnWn (D:3)
  7 blink frogs
  4 dream sheep (Lair:3)
  The ghost of p0werm0de the Conjurer, an amateur OpCj (D:6)
  4 hippogriffs
  4 wraiths
  27 yaks
  A hog (Lair:5)
  2 basilisks
  2 hungry ghosts
  3 nagas (Lair:4)
  12 water moccasins
  2 black bears
  12 porcupines
  2 phantoms
  3 orc warriors
  An ice beast (D:10)
  5 ogres
  2 sky beasts
  7 crocodiles
  11 bullfrogs
  A gnoll sergeant (D:11)
  3 scorpions
  3 howler monkeys
  4 wights (D:6)
  6 electric eels
  4 crimson imps
  A centaur zombie (D:8)
  5 hounds
  A quasit (D:9)
  3 iron imps (D:5)
  13 orc wizards
  7 orc priests
  4 jellies
  2 bullfrog skeletons
  6 iguanas
  Natasha (thrice) (D:2)
  10 worker ants
  A worker ant zombie (D:8)
  3 gnolls (D:11)
  15 adders
  A shadow imp (D:7)
  2 adder zombies
  An adder skeleton (D:8)
  3 dart slugs
  4 worms
  9 leopard geckos
  45 orcs
  10 bats
  6 giant cockroaches
  6 goblins
  6 hobgoblins
  4 jackals (D:3)
  7 kobolds
  3 quokkas
  2 ball pythons (D:5)
  8 frilled lizards
  A leopard gecko skeleton (D:5)
  8 rats
  2 fungi
380 creatures vanquished.

Vanquished Creatures (others)
  An oklob plant (Lair:5)
  2 humans (Lair:5)
  11 fungi
  29 plants
43 creatures vanquished.

Grand Total: 423 creatures vanquished

Notes
Turn   | Place    | Note
-------+----------+-------------------------------------------
     0 | D:1      | Mgcat the Gargoyle Earth Elementalist began the quest for the Orb.
     0 | D:1      | Reached XP level 1. HP: 10/10 MP: 3/3
   222 | D:1      | Reached XP level 2. HP: 15/15 MP: 5/5
   669 | D:1      | Reached skill level 4 in Earth Magic
  1026 | D:1      | Reached XP level 3. HP: 17/19 MP: 6/6
  1811 | D:2      | Reached XP level 4. HP: 24/24 MP: 4/8
  1854 | D:2      | Noticed Natasha
  1860 | D:2      | Killed Natasha
  1865 | D:2      | Learned a level 3 spell: Stone Arrow
  1887 | D:2      | Noticed Natasha
  1890 | D:2      | Killed Natasha
  1929 | D:2      | Reached skill level 5 in Earth Magic
  1938 | D:2      | Reached skill level 1 in Conjurations
  1938 | D:2      | Reached XP level 5. HP: 24/28 MP: 7/9
  1987 | D:2      | Noticed Natasha
  1989 | D:2      | Found a blossoming altar of Fedhas.
  1996 | D:2      | Killed Natasha
  2804 | D:3      | Reached XP level 6. HP: 31/32 MP: 4/11
  2934 | D:3      | Noticed tidbits's ghost (amateur GnWn)
  3202 | D:3      | Learned a level 5 spell: Lee's Rapid Deconstruction
  3684 | D:3      | Found a shadowy altar of Dithmenos.
  4039 | D:4      | Found a shattered altar of Ashenzari.
  4064 | D:4      | Found a staircase to the Ecumenical Temple.
  4074 | Temple   | Entered the Ecumenical Temple
  4098 | Temple   | Became a worshipper of Vehumet
  4223 | D:4      | Reached skill level 6 in Earth Magic
  4260 | D:4      | Reached XP level 7. HP: 31/36 MP: 13/13
  5021 | D:4      | Found an ancient bone altar of Kikubaaqudgha.
  5190 | D:5      | Entered Level 5 of the Dungeon
  5234 | D:5      | Reached skill level 1 in Staves
  5410 | D:5      | Reached skill level 1 in Evocations
  5435 | D:5      | Got a polished whip
  5666 | D:5      | Found a burning altar of Makhleb.
  5698 | D:5      | Reached XP level 8. HP: 24/41 MP: 7/15
  5702 | D:5      | Reached * piety under Vehumet
  5702 | D:5      | Offered knowledge of Freeze by Vehumet.
  6036 | D:5      | Found Ganlot's Antique Weapon Emporium.
  6043 | D:5      | Reached skill level 7 in Earth Magic
  6044 | D:5      | Reached skill level 5 in Spellcasting
  7007 | D:6      | Reached skill level 5 in Conjurations
  7033 | D:6      | Noticed p0werm0de's ghost (amateur OpCj)
  7073 | D:6      | Found a white marble altar of Elyvilon.
  7118 | D:6      | Reached skill level 1 in Fighting
  7544 | D:6      | Found a hide-covered altar of Uskayaw.
  7650 | D:6      | Found a snail-covered altar of Cheibriados.
  7694 | D:6      | Killed p0werm0de's ghost
  7694 | D:6      | Reached XP level 9. HP: 48/48 MP: 3/17
  7943 | D:3      | Found a shadowy altar of Dithmenos.
  7989 | D:3      | Killed tidbits's ghost
  8313 | D:7      | Reached skill level 8 in Earth Magic
  8397 | D:7      | Noticed Joseph
  8505 | D:7      | Offered knowledge of Throw Flame by Vehumet.
  8507 | D:7      | Reached ** piety under Vehumet
  8877 | D:7      | Killed Joseph
  8877 | D:7      | Reached XP level 10. HP: 56/56 MP: 0/19
  9035 | D:7      | Found an iron altar of Okawaru.
  9265 | D:7      | Found a stormy altar of Qazlal.
  9365 | D:8      | Offered knowledge of Ignite Poison by Vehumet.
  9495 | D:8      | Noticed a two-headed ogre
  9503 | D:8      | Killed a two-headed ogre
  9679 | D:8      | Reached *** piety under Vehumet
  9850 | D:8      | Reached skill level 5 in Staves
 10312 | D:9      | Noticed a two-headed ogre
 10328 | D:9      | Killed a two-headed ogre
 10328 | D:9      | Reached skill level 9 in Earth Magic
 10359 | D:9      | Noticed a two-headed ogre
 10403 | D:9      | Found a staircase to the Lair.
 10411 | D:9      | Killed a two-headed ogre
 10411 | D:9      | Reached skill level 5 in Fighting
 10704 | D:9      | Noticed a two-headed ogre
 10707 | D:9      | Killed a two-headed ogre
 10707 | D:9      | Reached skill level 5 in Evocations
 10707 | D:9      | Reached XP level 11. HP: 64/64 MP: 13/21
 10906 | D:9      | Found a glowing golden altar of the Shining One.
 11142 | D:9      | Found the +8 mithril axe "Arga" {speed, MR+}
 11227 | D:9      | Offered knowledge of Conjure Flame by Vehumet.
 11232 | D:9      | Learned a level 3 spell: Conjure Flame
 11278 | D:9      | Found Jiuc's Food Shoppe.
 11666 | D:9      | Found a bloodstained altar of Trog.
 11712 | D:10     | Entered Level 10 of the Dungeon
 12813 | D:11     | Noticed Sonja
 12831 | D:11     | Reached skill level 1 in Fire Magic
 12878 | D:11     | Killed Sonja
 12878 | D:11     | Reached skill level 5 in Dodging
 13437 | D:11     | Reached skill level 10 in Earth Magic
 14241 | Lair:1   | Entered Level 1 of the Lair of Beasts
 14599 | Lair:1   | Noticed EvilAshe's ghost (journeyman DECj)
 14619 | Lair:1   | Noticed a five-headed hydra
 14994 | Lair:1   | Killed EvilAshe's ghost
 14994 | Lair:1   | Reached **** piety under Vehumet
 15002 | Lair:1   | Reached XP level 12. HP: 12/71 MP: 6/23
 17062 | Lair:1   | Killed a five-headed hydra
 17928 | Lair:2   | Offered knowledge of Inner Flame by Vehumet.
 18520 | Lair:2   | Learned a level 3 spell: Inner Flame
 19385 | Lair:3   | Reached skill level 11 in Earth Magic
 19770 | Lair:3   | Reached XP level 13. HP: 74/78 MP: 16/25
 20212 | Lair:4   | Found a staircase to the Snake Pit.
 20695 | Lair:4   | Noticed Josephine
 20704 | Lair:4   | Killed Josephine
 20704 | Lair:4   | Reached skill level 5 in Fire Magic
 21501 | Lair:4   | Noticed Urug
 21590 | Lair:4   | Killed Urug
 21824 | Lair:4   | Found a staircase to the Swamp.
 22368 | Lair:4   | Identified the +5 whip "Abiott" {flame, +Inv} (You found it on level 5 of the Dungeon)
 22399 | Lair:5   | Noticed Snorg
 22403 | Lair:5   | Killed Snorg
 22809 | Lair:5   | Reached ***** piety under Vehumet
 22848 | Lair:5   | Noticed Kirke
 22874 | Lair:5   | Noticed a sphinx
 22876 | Lair:5   | Killed Kirke
 22884 | Lair:5   | Offered knowledge of Bolt of Magma by Vehumet.
 22891 | Lair:5   | Learned a level 5 spell: Bolt of Magma
 23088 | Lair:5   | HP: 1/79 [acid (13)]
 23089 | Lair:5   | Killed from afar by an oklob plant

Skill      XL: |  1  2  3  4  5  6  7  8  9 10 11 12 13 |
---------------+----------------------------------------+-----
Earth Magic    | 4 5 6 7 8 9 10 11 | 11.7
Stealth        | 3 |  3.0
Spellcasting   | 3 4 5 6 7 8 9 |  9.1
Conjurations   | 1 2 3 4 5 6 7 8 9 |  9.9
Staves         | 1 3 4 5 6 7 |  7.8
Evocations     | 1 3 4 5 |  5.1
Fighting       | 1 3 5 6 7 8 |  8.6
Dodging        | 2 3 4 5 7 8 |  8.5
Fire Magic     | 2 4 5 |  5.6
Transmutations | |  0.7

Action                   |  1- 3 |  4- 6 |  7- 9 | 10-12 | 13-15 || total
-------------------------+-------+-------+-------+-------+-------++-------
Melee: Unarmed           |    36 |       |       |       |       ||    36
       Hand axe          |    45 |       |       |       |       ||    45
       Dagger            |    62 |   153 |       |       |       ||   215
       Staff             |       |       |   280 |   208 |    55 ||   543
 Cast: Sandblast         |     5 |    38 |    31 |    55 |    48 ||   177
       Stone Arrow       |       |       |    71 |   241 |   107 ||   419
       Lee's Rapid Decon |       |       |       |    13 |    11 ||    24
       Conjure Flame     |       |       |       |     1 |     1 ||     2
  Use: Scroll            |       |     8 |     7 |     9 |     4 ||    28
       Potion            |       |       |       |     3 |     1 ||     4
 Stab: Sleeping          |     4 |     4 |       |     1 |       ||     9
       Distracted        |       |       |       |       |     1 ||     1
  Eat: Chunk             |     3 |     8 |    14 |    25 |    10 ||    60
       Ration            |       |       |     1 |     4 |     1 ||     6
Armor: Robe              |    49 |    56 |   122 |   138 |    33 ||   398
Dodge: Dodged            |   100 |   100 |   163 |   188 |    76 ||   627
